 Dungeon Crawl Stone Soup version 0.22-b1-26-g9dbaab1 (webtiles) character file.

252 glosham the Skirmisher (level 5, 0/46 HPs)
             Began as a Mummy Monk on Aug 8, 2018.
             Was a Believer of Ashenzari.
             Slain by a gnoll
             ... wielding a +0 spear
              (6 damage)
             ... on level 3 of the Dungeon.
             The game lasted 00:35:56 (1672 turns).

glosham the Skirmisher (Mummy Monk)                 Turns: 1672, Time: 00:35:57

Health: 0/46       AC:  7    Str: 15    XL:     5   Next: 89%
Magic:  5/5        EV: 10    Int:  9    God:    Ashenzari [**....]
Gold:   142        SH:  5    Dex: 15    Spells: 4/4 levels left

rFire    x . .     SeeInvis +   b - +1 mace
rCold    + . .     Gourm    .   (no shield)
rNeg     + + +     Faith    .   X - +1 scale mail
rPois    ∞         Spirit   .   (no helmet)
rElec    .         Reflect  +   (no cloak)
rCorr    .         Harm     .   (no gloves)
MR       .....                  (no boots)
Stlth    +.........             z - +5 amulet of reflection
HPRegen  0.15/turn              A - ring of see invisible
MPRegen  0.09/turn              (no ring)

@: no status effects
A: no food or potions, fire vulnerability, cold resistance 1, negative energy
resistance 3, torment resistance, unbreathing
a: Curse Item, Scrying, Renounce Religion


You were on level 3 of the Dungeon.
You worshipped Ashenzari.
Ashenzari was pleased with you.
You were not hungry.

You visited 1 branch of the dungeon, and saw 3 of its levels.

You collected 142 gold pieces.

Inventory:

Hand Weapons
 a - a +1 vampiric dagger
 b - a +1 mace (weapon)
 c - a +0 hunting sling
 d - a +0 spear
Missiles
 e - 44 stones (quivered)
 h - 14 poisoned needles
 k - 44 arrows
 m - 28 bolts
Armour
 j - a +0 robe
 X - a +1 scale mail (worn)
Jewellery
 z - a +5 amulet of reflection (around neck)
 A - a ring of see invisible (left hand)
Scrolls
 f - 2 scrolls of amnesia
 g - a scroll of magic mapping
 l - 2 scrolls of blinking
 p - a scroll of identify


   Skills:
 + Level 6.1 Fighting
 - Level 2.4 Maces & Flails
 - Level 2.0 Armour
 - Level 2.4 Dodging
 - Level 1.5 Stealth


You had 4 spell levels left.
You didn't know any spells.
Your spell library contained the following spells:

 Spells                   Type           Power        Failure   Level  Hunger
 Spider Form              Tmut/Pois      #.........   99%         3    N/A
 Blade Hands              Tmut           #.........   100%        5    N/A
 Ice Form                 Ice/Tmut       #.......     100%        4    N/A
 Sticks to Snakes         Tmut           #.......     94%         2    N/A
 Beastly Appendage        Tmut           #.....       85%         1    N/A

Dungeon Overview and Level Annotations

Branches:
Dungeon (3/15)

Altars:
Ashenzari


Innate Abilities, Weirdness & Mutations

You do not eat or drink.
Your flesh is vulnerable to fire.
You are immune to poison.
Your flesh is cold resistant. (rC+)
You are immune to negative energy. (rN+++)
You are immune to unholy pain and torment.
You can survive without breathing.


Message History

You block the gnoll's attack.
You hit the gnoll but do no damage.
The gnoll is moderately wounded.
The gnoll barely misses you.
You hit the gnoll.
You feel better.
The gnoll is moderately wounded.
The gnoll hits you but does no damage.
You hit the gnoll.
The gnoll is moderately wounded.
The gnoll hits you but does no damage.
You hit the gnoll.
The gnoll is heavily wounded.
The gnoll closely misses you.
You barely miss the gnoll.
The gnoll is heavily wounded.
The gnoll hits you with a spear.
You barely miss the gnoll.
The gnoll is heavily wounded.
You block the gnoll's attack.
You hit the gnoll.
The gnoll is severely wounded.
The gnoll hits you with a spear.
Your scale mail prevents you from hitting the gnoll.
The gnoll is severely wounded.
The gnoll hits you with a spear.
* * * LOW HITPOINT WARNING * * *
You closely miss the gnoll.
The gnoll is severely wounded.
The gnoll hits you but does no damage.
You feel the dreadful sensation subside.
b - a +1 mace (weapon)
The gnoll hits you with a spear.
* * * LOW HITPOINT WARNING * * *
You closely miss the gnoll.
The gnoll is severely wounded.
The gnoll barely misses you.
You closely miss the gnoll.
The gnoll is severely wounded.
The gnoll hits you with a spear.
You die...

** , ,,* , , , *
##########
...############........#
...>.wg@...)............
,,....####...####.........
, . .# #...# #........# *
.# #...# #........# , .##
#...# #........# , , ..#
#...# #.........
####+###g.# #...#
#......... ....g..<..#
##### #.........
#...gg....# * * ##########


You could see a worm and a gnoll.

Vanquished Creatures
  An orc priest (D:3)
  Terence (D:2)
  7 gnolls
  7 adders
  An ooze (D:1)
  3 worms
  A dart slug (D:1)
  3 orcs (D:3)
  2 ball pythons (D:1)
  3 bats (D:3)
  2 giant cockroaches
  7 goblins
  7 hobgoblins
  2 quokkas (D:3)
  4 frilled lizards
  2 kobolds
  A leopard gecko skeleton (D:3)
  5 rats
59 creatures vanquished.

Vanquished Creatures (others)
  A kobold (D:1)
1 creature vanquished.

Grand Total: 60 creatures vanquished

Notes
Turn   | Place    | Note
-------+----------+-------------------------------------------
     0 | D:1      | glosham the Mummy Monk began the quest for the Orb.
     0 | D:1      | Reached XP level 1. HP: 18/18 MP: 1/1
    37 | D:1      | Found a shattered altar of Ashenzari.
    43 | D:1      | Became a worshipper of Ashenzari the Shackled
    43 | D:1      | Reached * piety under Ashenzari
    43 | D:1      | Reached ** piety under Ashenzari
    91 | D:1      | Reached XP level 2. HP: 18/25 MP: 2/2
   316 | D:1      | Reached skill level 4 in Fighting
   515 | D:2      | Reached XP level 3. HP: 21/31 MP: 3/3
   674 | D:2      | Found a faded altar of an unknown god.
   807 | D:2      | Noticed Terence
   811 | D:2      | Killed Terence
   811 | D:2      | Reached skill level 5 in Fighting
   811 | D:2      | Reached XP level 4. HP: 39/39 MP: 4/4
  1097 | D:3      | Reached skill level 1 in Armour
  1119 | D:3      | Reached XP level 5. HP: 32/44 MP: 5/5
  1137 | D:3      | Reached skill level 2 in Armour
  1619 | D:3      | Reached skill level 6 in Fighting
  1672 | D:3      | Slain by a gnoll

Skill      XL: |  1  2  3  4  5 |
---------------+----------------+-----
Fighting       | 4 5 6 |  6.1
Armour         | 1 2 |  2.0
Maces & Flails | |  2.4
Dodging        | |  2.4
Stealth        | |  1.5

Action                   |  1- 3 |  4- 6 || total
-------------------------+-------+-------++-------
Melee: Mace              |    65 |   160 ||   225
       Dagger            |       |    35 ||    35
Throw: Stone             |     2 |     3 ||     5
Evoke: Wand              |     3 |     5 ||     8
  Use: Scroll            |     5 |     2 ||     7
 Stab: Sleeping          |     7 |       ||     7
Armor: Robe              |     4 |       ||     4
       Scale mail        |       |    62 ||    62
Dodge: Dodged            |    26 |    96 ||   122
Block: Other             |    16 |    43 ||    59
       Reflection        |     1 |       ||     1

Table legend:
 A = Turns spent in this place as a percentage of turns spent in the entire game.
 B = Non-inter-level travel turns spent in this place as a percentage of non-inter-level travel turns spent in the entire game.
 C = Inter-level travel turns spent in this place as a percentage of turns spent in this place.
 D = Turns resting spent in this place as a percentage of non-inter-level travel turns spent in this place.
 E = Turns spent auto-exploring this place as a percentage of non-inter-level travel turns spent in this place.
 F = Non-inter-level travel turns spent in this place divided by the number of levels of this place that you've seen.
                   A       B       C       D       E      F
               +-------+-------+-------+-------+-------+----------------------
         Total | 100.0 | 100.0 |  12.0 |   0.5 |   0.0 | 490.7
       Dungeon | 100.0 | 100.0 |  12.0 |   0.5 |   0.0 | 490.7
               +-------+-------+-------+-------+-------+----------------------

Table legend:
 A = Kills in this place as a percentage of kills in entire the game.
 B = Kills by you in this place as a percentage of kills by you in the entire game.
 C = Kills by friends in this place as a percentage of kills by friends in the entire game.
 D = Other kills in this place as a percentage of other kills in the entire game.
 E = Experience gained in this place as a percentage of experience gained in the entire game.
 F = Experience gained in this place divided by the number of levels of this place that you have seen.
                   A       B       C       D       E      F
               +-------+-------+-------+-------+-------+----------------------
         Total | 100.0 | 100.0 |   N/A | 100.0 | 100.0 | 120.0
       Dungeon | 100.0 | 100.0 |   N/A | 100.0 | 100.0 | 120.0
               +-------+-------+-------+-------+-------+----------------------

Vault maps used:
D:1:      minmay_arrival_stone_box, ashenzari_altar_1
D:2:      first_ration, chequers_ecumenical_altar_simple, uniq_terence
